 Dungeon Crawl Stone Soup version 0.22-a0-596-gfbd32a6 (webtiles) character file.

26749 Amnesiac the Protected (level 13, -16/56 HPs)
             Began as a Spriggan Artificer on July 5, 2018.
             Was an Initiate of Gozag.
             Killed from afar by a frost giant (21 damage)
             ... with a bolt of cold
             ... on level 12 of the Dungeon.
             The game lasted 00:43:43 (25767 turns).

Amnesiac the Protected (Spriggan Artificer)        Turns: 25767, Time: 00:43:43

Health: -16/56     AC: 23    Str: 16    XL:     13   Next: 0%
Magic:  0/21       EV: 10    Int: 13    God:    Gozag
Gold:   6281       SH:  8    Dex: 17    Spells: 12/12 levels left

rFire    + + .     SeeInvis +   a - +4 whip (elec)
rCold    + . .     Gourm    .   D - +0 buckler
rNeg     . . .     Faith    .   C - +2 gold dragon scales
rPois    +         Spirit   +   (helmet restricted)
rElec    .         Reflect  .   G - +0 cloak
rCorr    .         Harm     .   (gloves unavailable)
MR       ++...                  (boots unavailable)
Stlth    ..........             e - amulet of guardian spirit
HPRegen  0.18/turn              l - ring of protection from fire
MPRegen  0.17/turn              M - +4 ring of strength

@: very quick
A: very small, unfitting armour, see invisible, herbivore, speed 3, slow
metabolism 2
a: Potion Petition, Call Merchant, Bribe Branch, Renounce Religion


You were on level 12 of the Dungeon.
You worshipped Gozag.
Gozag was greatly pleased with you.
You were full.

You visited 2 branches of the dungeon, and saw 14 of its levels.

You collected 7488 gold pieces.
You spent 1100 gold pieces at shops.
You paid 107 gold pieces to Gozag.

Inventory:

Hand Weapons
 a - a +4 whip of electrocution (weapon)
 b - a +1 whip of venom
 j - a +0 scimitar of flaming
 w - a +0 blowgun
Missiles
 O - 32 poisoned needles
Armour
 i - a scarf of cloud immunity
 r - a +0 robe
 C - +2 gold dragon scales (worn)
 D - a +0 buckler (worn)
 G - a +0 cloak (worn)
Jewellery
 e - an amulet of guardian spirit (around neck)
 l - a ring of protection from fire (left hand)
 s - an uncursed ring of protection from cold
 E - an uncursed amulet of rage
 M - a +4 ring of strength (right hand)
Wands
 d - a wand of enslavement (6)
 g - a wand of clouds (1)
 Q - a wand of digging (14)
 R - a wand of iceblast (3)
Scrolls
 o - 3 scrolls of remove curse {!r}
 p - 7 scrolls of teleportation {!r}
 v - 2 scrolls of fear {!r}
 y - 3 scrolls of amnesia {!r}
 B - a scroll of fog {!r}
Potions
 h - a potion of agility {!q}
 k - a potion of brilliance {!q, unknown}
 m - 3 potions of cancellation {!q, unknown}
 q - 2 potions of mutation {!q}
 t - 6 potions of curing {!q}
 u - 3 potions of haste {!q}
 z - 2 potions of magic {!q}
 F - 4 potions of flight {!q, unknown}
 H - a potion of lignification {!q}
 I - a potion of heal wounds {!q}
 J - a potion of invisibility {!q}
Comestibles
 f - 4 rations


   Skills:
 - Level 0.7 Fighting
   Level 1.1 Short Blades
 - Level 13.6 Armour
 + Level 6.6 Dodging
 - Level 1.5 Stealth
 - Level 7.3 Shields
 - Level 10.5 Evocations


You had 12 spell levels left.
You didn't know any spells.
Your spell library contained the following spells:

 Spells                   Type           Power        Failure   Level  Hunger
 Magic Dart               Conj           #...         100%        1    ##.....
 Apportation              Tloc           #.....       100%        1    ##.....
 Conjure Flame            Conj/Fire      #.......     100%        3    ####...
 Slow                     Hex            #.......     100%        2    ###....
 Mephitic Cloud           Conj/Pois/Air  #.......     100%        3    ####...
 Summon Small Mammal      Summ           #...         100%        1    ##.....
 Blink                    Tloc           N/A          100%        2    ###....
 Animate Skeleton         Necr           N/A          100%        1    ##.....
 Call Imp                 Summ           #.......     100%        2    ###....
 Spider Form              Tmut/Pois      #.........   100%        3    ####...
 Blade Hands              Tmut           #.........   100%        5    ######.
 Ice Form                 Ice/Tmut       #.......     100%        4    #####..
 Confusing Touch          Hex            #.....       100%        1    ##.....
 Sticks to Snakes         Tmut           #.......     100%        2    ###....
 Beastly Appendage        Tmut           #.....       100%        1    ##.....


Dungeon Overview and Level Annotations

Branches:
Dungeon (13/15)            Temple (1/1) D:7            Lair (0/6) D:8
    Orc (0/2) D:10
 Vaults: D:13-14

Altars:
Ashenzari
Cheibriados
Dithmenos
Elyvilon
Fedhas
Gozag
Hepliaklqana
Kikubaaqudgha
Makhleb
Nemelex Xobeh
Okawaru
Qazlal
Ru
Sif Muna
Trog
Uskayaw
Vehumet
Wu Jian
Xom
Yredelemnul
Zin
The Shining One

Shops:
D:5 =   D:6 *   D:9 }


Innate Abilities, Weirdness & Mutations

You are very small and have problems with some larger weapons.
You are too small for most types of armour.
You have supernaturally acute eyesight. (SInv)
You are a herbivore.
You cover ground extremely quickly.
You need to consume almost no food.


Message History

You hit the tengu reaver.
The tengu reaver is almost dead.
The battlesphere is engulfed in blazing flames.
The tengu reaver is engulfed in blazing flames.
You kill the tengu reaver!
Your Dodging skill increases to level 6!
You have reached level 13!
A battlesphere is nearby!
You hit the battlesphere.
The battlesphere is moderately damaged.
The battlesphere dissipates.
You start resting.
Magic restored.
You start resting.
You start resting.
Magic restored.
You start resting.
HP restored.
You now have 6255 gold pieces (gained 5).
Things that are here:
a war axe; a scale mail; a shield Key pressed, stopping explore.
You see here an arrow.
Key pressed, stopping explore.
Key pressed, stopping explore.
You now have 6259 gold pieces (gained 4).
Things that are here:
a leather armour; a war axe You now have 6281 gold pieces (gained 22).
The red ugly thing gurgles horribly!
The red ugly thing is too close now for your liking.
You see here 10 gold pieces.
A red ugly thing is nearby!
A red ugly thing is nearby!
A red ugly thing is nearby!
Your gold dragon scales prevents you from hitting the red ugly thing.
The red ugly thing tentacle-slaps you!
You are engulfed in flames.
You resist.
Your gold dragon scales prevents you from hitting the red ugly thing.
The red ugly thing closely misses you.
You hit the red ugly thing.
The red ugly thing is lightly wounded.
The red ugly thing barely misses you.
Your gold dragon scales prevents you from hitting the red ugly thing.
The red ugly thing is lightly wounded.
The frost giant shouts!
The red ugly thing tentacle-slaps you.
You are engulfed in flames.
You resist. The frost giant casts a spell at you. The bolt of cold hits you!
You resist.
* * * LOW HITPOINT WARNING * * *
The red ugly thing tentacle-slaps you!
* * * LOW HITPOINT WARNING * * *
You are engulfed in flames!
You resist.
* * * LOW HITPOINT WARNING * * *
You whack the red ugly thing!
Lightning courses through the red ugly thing!
The red ugly thing is heavily wounded.
The red ugly thing barely misses you.
The frost giant gestures at you while chanting.
The bolt of cold hits you! You resist.
* * * LOW HITPOINT WARNING * * *
The frost giant points at you and mumbles some strange words.
The bolt of cold hits you! You resist.
You die...
Your body crumbles into a pile of gold.

#########################
%......#.#..............#
......#.#.#.u...@.......#
##...#.#.#.#...###.###..#
#...#.#.#$#C#...##..##..#
...#.#.#.#.#.#...#...#..#
..#.#.#...#.#.#.........#
.#.#.##..(##.#.#...###..#
#.#.##..#..##.#.#...##.(#
.#.##..#.#(.##.#.#...#..#
#.##..#...#..##.#.#.....#


You could see a frost giant and a red ugly thing.

Vanquished Creatures
  A tengu reaver (D:12)
  A hydra (D:11)
  A centaur warrior (D:12)
  Erica (D:7)
  8 two-headed ogres
  A tengu warrior (D:12)
  An ogre mage (D:12)
  Pikel (D:6)
  The ghost of Hebeh the Cleaver, a novice MiFi of Trog (D:6)
  A deep elf mage (D:12)
  An ugly thing (D:10)
  A cyclops (D:12)
  3 manticores
  8 orc warriors
  A meliai (D:12)
  A troll (D:10)
  A queen bee (D:9)
  Prince Ribbit (D:6)
  Grinder (D:3)
  2 hippogriffs
  A vampire (D:12)
  2 wyverns
  2 wraiths
  9 yaks
  A steam dragon (D:7)
  Eustachio (D:7)
  The ghost of Defined the Basher, an amateur GnWn (D:2)
  3 hungry ghosts
  Menkaure (D:6)
  A water moccasin (D:10)
  2 acid dragons (D:12)
  A sky beast (D:11)
  Duvessa (D:6)
  2 ice beasts
  3 phantoms
  A slave (D:5)
  A black bear (D:12)
  An eye of draining (D:11)
  2 ogres
  13 centaurs
  2 crocodiles
  3 big kobolds
  Blork the orc (D:7)
  11 bullfrogs
  3 gnoll sergeants
  A water moccasin zombie (D:8)
  2 wyvern skeletons (D:12)
  A scorpion (D:10)
  34 killer bees
  14 wights
  A howler monkey (D:4)
  An electric eel (D:6)
  10 crimson imps
  2 bullfrog zombies
  A centaur zombie (D:9)
  7 hounds
  3 jellies
  3 bullfrog skeletons
  9 orc priests
  A gnoll shaman (D:6)
  A centaur skeleton (D:4)
  5 iguanas
  10 orc wizards
  6 worker ants
  2 hound skeletons (D:8)
  2 worker ant zombies
  Robin (D:3)
  10 gnolls
  22 adders
  3 shadow imps
  A worm (D:3)
  4 dart slugs
  7 leopard geckos
  40 orcs
  7 giant cockroaches
  11 goblins
  6 hobgoblins
  6 jackals
  24 kobolds
  8 quokkas
  3 ball pythons
  8 bats
  4 frilled lizards
  A giant cockroach zombie (D:6)
  A jackal skeleton (D:8)
  A jackal zombie (D:6)
  A leopard gecko skeleton (D:6)
  A quokka skeleton (D:7)
  4 rats
396 creatures vanquished.

Vanquished Creatures (collateral kills)
  An ugly thing (D:12)
  A hippogriff (D:12)
  A hungry ghost (D:8)
  An orc warrior (D:7)
  A black bear (D:8)
  A centaur (D:12)
  2 killer bees (D:9)
  An orc priest (D:8)
  3 orcs
  3 jackals (D:8)
15 creatures vanquished.

Vanquished Creatures (others)
  An ugly thing (D:12)
  A wyvern (D:8)
  A slime creature (D:12)
  2 slaves (D:6)
  Dowan (D:6)
  An orc (D:6)
  8 plants (D:6)
15 creatures vanquished.

Grand Total: 426 creatures vanquished

Notes
Turn   | Place    | Note
-------+----------+-------------------------------------------
     0 | D:1      | Amnesiac the Spriggan Artificer began the quest for the Orb.
     0 | D:1      | Reached XP level 1. HP: 9/9 MP: 4/4
   489 | D:4      | Reached skill level 5 in Evocations
   489 | D:4      | Reached XP level 2. HP: 4/14 MP: 4/6
   744 | D:4      | Reached XP level 3. HP: 17/17 MP: 8/8
   967 | D:3      | Reached XP level 4. HP: 9/21 MP: 10/10
  2480 | D:5      | Entered Level 5 of the Dungeon
  2480 | D:5      | Found a bloodstained altar of Trog.
  2629 | D:5      | Found Leudgh's Jewellery Shop.
  2663 | D:5      | Reached XP level 5. HP: 4/25 MP: 11/11
  2923 | D:5      | Noticed an ogre
  3020 | D:5      | Noticed a centaur
  3023 | D:5      | Killed a centaur
  3036 | D:5      | Reached XP level 6. HP: 16/29 MP: 13/13
  3674 | D:6      | Found Geddiven's Goods Gallery.
  3675 | D:6      | Found a runed door.
  3676 | D:6      | Noticed Hebeh's ghost (novice MiFi)
  3722 | D:6      | Noticed a slave
  3722 | D:6      | Noticed a slave
  3723 | D:6      | Noticed Pikel
  4028 | D:6      | Noticed Prince Ribbit
  4033 | D:6      | Killed Prince Ribbit
  4033 | D:6      | Reached skill level 2 in Armour
  4033 | D:6      | Reached XP level 7. HP: 32/32 MP: 15/15
  4421 | D:6      | Noticed Duvessa
  4421 | D:6      | Noticed Dowan
  5078 | D:6      | Killed Pikel
  5078 | D:6      | Reached skill level 5 in Armour
  5078 | D:6      | Reached XP level 8. HP: 21/37 MP: 16/16
  5083 | D:6      | Killed Dowan
  5229 | D:6      | Killed Duvessa
  5770 | D:7      | Noticed Eustachio
  6040 | D:7      | Noticed a hippogriff
  6068 | D:7      | Killed a hippogriff
  6068 | D:7      | Reached skill level 6 in Armour
  6491 | D:7      | Found a staircase to the Ecumenical Temple.
  6501 | Temple   | Entered the Ecumenical Temple
  6711 | D:7      | Reached skill level 7 in Armour
  7286 | D:3      | Found a runed door.
  7286 | D:3      | Noticed Defined's ghost (amateur GnWn)
  7360 | D:2      | Found a blossoming altar of Fedhas.
  7496 | D:3      | Noticed Grinder
  7501 | D:3      | Found a hide-covered altar of Uskayaw.
  7502 | D:3      | Found a sacrificial altar of Ru.
  7502 | D:3      | Found a stormy altar of Qazlal.
  7504 | D:3      | Found a burning altar of Makhleb.
  7504 | D:3      | Found a shadowy altar of Dithmenos.
  7506 | D:3      | Found an opulent altar of Gozag.
  7506 | D:3      | Found a glowing silver altar of Zin.
  7507 | D:3      | Found a radiant altar of Vehumet.
  7515 | D:3      | Became a worshipper of Gozag Ym Sagoz the Greedy
  7543 | D:3      | Noticed Robin
  7563 | D:3      | Killed Robin
  8416 | D:2      | Found a faded altar of an unknown god.
  8923 | D:2      | Reached XP level 9. HP: 30/40 MP: 17/17
  9146 | D:3      | Killed Grinder
  9146 | D:3      | Reached skill level 10 in Evocations
 10124 | D:6      | Reached skill level 1 in Shields
 10547 | D:6      | Noticed Menkaure
 10550 | D:6      | Killed Menkaure
 10743 | D:6      | Killed Hebeh's ghost
 10969 | D:2      | Killed Defined's ghost
 11516 | D:7      | Reached skill level 5 in Shields
 11882 | D:7      | Noticed Blork the orc
 12234 | D:7      | Killed Eustachio
 12234 | D:7      | Reached XP level 10. HP: 19/44 MP: 18/18
 12562 | D:7      | Killed Blork the orc
 12820 | D:6      | Bought an uncursed amulet of guardian spirit for 300 gold pieces
 12944 | D:8      | Noticed a two-headed ogre
 12968 | D:7      | Killed a two-headed ogre
 12984 | D:8      | Found a staircase to the Lair.
 13033 | D:8      | Noticed a two-headed ogre
 13039 | D:8      | Killed a two-headed ogre
 13318 | D:8      | Reached skill level 5 in Dodging
 13356 | D:8      | Noticed a two-headed ogre
 14039 | D:8      | Killed a two-headed ogre
 14039 | D:8      | Reached skill level 8 in Armour
 14057 | D:8      | Noticed Erica
 14177 | D:6      | Bought +0 gold dragon scales for 800 gold pieces
 14205 | D:6      | Identified a scroll of acquirement {!r}
 14407 | D:7      | Killed Erica
 14745 | D:8      | Reached XP level 11. HP: 45/48 MP: 17/19
 15171 | D:9      | Found Koerghunk's Gadget Boutique.
 15298 | D:9      | Reached skill level 9 in Armour
 15578 | D:9      | Found a shadowy altar of Dithmenos.
 15968 | D:9      | Found a deep blue altar of Sif Muna.
 15968 | D:9      | Found an iron altar of Okawaru.
 16900 | D:9      | Noticed a two-headed ogre
 16912 | D:9      | Killed a two-headed ogre
 16967 | D:9      | Reached skill level 10 in Armour
 17300 | D:10     | Entered Level 10 of the Dungeon
 18272 | D:10     | Noticed a two-headed ogre
 19118 | D:9      | Killed a two-headed ogre
 19401 | D:10     | Found a hazy altar of Hepliaklqana.
 20074 | D:10     | Reached skill level 11 in Armour
 20466 | D:10     | Found a staircase to the Orcish Mines.
 20684 | D:11     | Paralysed by fainting for 8 turns
 20876 | D:11     | Noticed a two-headed ogre
 20984 | D:10     | Killed a two-headed ogre
 21265 | D:11     | Reached XP level 12. HP: 52/52 MP: 20/20
 21417 | D:11     | Noticed a two-headed ogre
 21490 | D:11     | Killed a two-headed ogre
 21904 | D:11     | Noticed a seven-headed hydra
 21928 | D:11     | Killed a seven-headed hydra
 21928 | D:11     | Reached skill level 12 in Armour
 22849 | D:12     | Noticed a two-headed ogre
 22857 | D:12     | Killed a two-headed ogre
 23301 | D:12     | Noticed a centaur warrior
 23305 | D:12     | Noticed a tengu warrior
 23352 | D:13     | Noticed a two-headed ogre
 24098 | D:12     | Killed a tengu warrior
 24367 | D:12     | Reached skill level 13 in Armour
 24630 | D:12     | Killed a centaur warrior
 24779 | D:12     | Noticed a frost giant
 24784 | D:12     | Noticed an ogre mage
 25351 | D:12     | Noticed a tengu reaver
 25551 | D:12     | Killed an ogre mage
 25648 | D:12     | Killed a tengu reaver
 25648 | D:12     | Reached XP level 13. HP: 37/56 MP: 15/21
 25767 | D:12     | Killed from afar by a frost giant

Vault maps used:
D:1:      saegor_arrival_simple_d, lemuel_old_faithful
D:2:      cheibrodos_old_hovel, chequers_ecumenical_altar_grove, fedhas_altar_1
D:3:      grunt_temple_overflow_open, gammafunk_ghost_grave, uniq_grinder,
          uniq_robin
D:4:      first_ration
D:5:      serial_shops, nicolae_shop_competitors_out_of_business,
          grunt_decor_cap, hangedman_abyss_or_decor_lesser_grid, trog_book
D:6:      ebering_ghost_sewer_d, serial_co_window_serial, co_window_paths_b,
          co_window_of_opportunity_a, co_window_paths_a, co_window_paths_a,
          co_window_paths_a, co_window_paths_a, co_window_paths_a,
          co_window_unsneaky_path_b, co_window_corner_b, co_window_2corner,
          co_window_paths_d, co_window_4corner_b, serial_bayou_ford_a,
          nicolae_alphabet_shops, uniq_duvessa, uniq_prince_ribbit1, uniq_pikel,
          uniq_menkaure
D:7:      minmay_temple_entry_nine_rooms, sword_in_stone
D:8:      lair_entry_dummy, uniq_erica
D:9:      chequers_temple_overflow_statue_of_worship, serial_shops, shop,
          david_nohive_1, nrook_mini_backslash,
          nicolae_dithmenos_through_a_glass_darkly
D:10:     david_orc_4, basic_altar
D:11:     kennysheep_generic_room_16
D:12:     evilmike_diamond_2
D:13:     wad_crossroads, erik_vaults_1
Temple:   nicolae_temple_hex_pool

Skill      XL: |  1  2  3  4  5  6  7  8  9 10 11 12 |
---------------+-------------------------------------+-----
Evocations     | 5 6 7 9 10 | 10.5
Armour         | 2 5 7 8 11 13 | 13.6
Shields        | 5 7 |  7.3
Dodging        | 5 6 |  6.6
Fighting       | |  0.7
Short Blades   | |  1.1
Stealth        | |  1.5

Action                   |  1- 3 |  4- 6 |  7- 9 | 10-12 | 13-15 || total
-------------------------+-------+-------+-------+-------+-------++-------
Melee: Short sword       |    48 |    50 |       |     3 |       ||   101
       Whip              |       |    12 |   484 |  1719 |     6 ||  2221
       Unarmed           |       |       |     4 |       |       ||     4
 Fire: Shortbow          |       |       |    38 |       |       ||    38
       Blowgun           |       |       |       |    81 |       ||    81
Throw: Stone             |       |       |    10 |       |       ||    10
Invok: Potion Petition   |       |       |     1 |       |       ||     1
Evoke: Wand              |     8 |    14 |    24 |    84 |       ||   130
  Use: Scroll            |       |     2 |     1 |    20 |       ||    23
 Stab: Sleeping          |     2 |     1 |     7 |       |       ||    10
       Paralysed         |       |     4 |    13 |       |       ||    17
       Confused          |       |     2 |       |       |       ||     2
       Distracted        |       |       |     3 |     2 |       ||     5
  Eat: Ration            |       |     3 |     3 |    19 |       ||    25
Armor: Robe              |     4 |     4 |    41 |    10 |       ||    59
       Gold dragon scale |       |       |       |  1224 |       ||  1224
Dodge: Dodged            |    48 |    59 |   419 |   529 |     3 ||  1058
Block: Buckler           |       |       |    79 |   792 |       ||   871

Table legend:
 A = Spawn XP
 B = Non-spawn XP
 C = Spawn XP percentage of total XP
 D = Spawn monster count
 E = Non-spawn monster count
 F = Spawn count percentage of total count
 G = Total turns spent on level
                    A         B        C        D         E        F      G
               +---------+---------+-------+---------+---------+-------+---------
         Total |       0 |   38213 |   0.0 |       0 |     412 |   0.0 | 25767
               +---------+---------+-------+---------+---------+-------+---------
           D:1 |       0 |      34 |   0.0 |       0 |      18 |   0.0 |   768
           D:2 |       0 |     259 |   0.0 |       0 |      24 |   0.0 |  1232
           D:3 |       0 |     370 |   0.0 |       0 |      26 |   0.0 |  1394
           D:4 |       0 |     170 |   0.0 |       0 |      10 |   0.0 |  2112
           D:5 |       0 |     467 |   0.0 |       0 |      14 |   0.0 |  2408
           D:6 |       0 |    2554 |   0.0 |       0 |      30 |   0.0 |  2663
           D:7 |       0 |    3612 |   0.0 |       0 |      34 |   0.0 |  3477
           D:8 |       0 |    3686 |   0.0 |       0 |      37 |   0.0 |  1607
           D:9 |       0 |    5555 |   0.0 |       0 |      84 |   0.0 |  2970
          D:10 |       0 |    4012 |   0.0 |       0 |      34 |   0.0 |  2092
          D:11 |       0 |    5843 |   0.0 |       0 |      49 |   0.0 |  2347
          D:12 |       0 |   11617 |   0.0 |       0 |      51 |   0.0 |  2474
          D:13 |       0 |      34 |   0.0 |       0 |       1 |   0.0 |   104
               +---------+---------+-------+---------+---------+-------+---------
